 Dungeon Crawl Stone Soup version 0.26-a0-651-gb41185065b (webtiles) character file.

Game seed: 15063327105849807291

347 Irenicus the Covered (level 6, -2/85 HPs)
             Began as a Deep Dwarf Berserker on Sept 30, 2020.
             Was a Priest of Trog.
             Succumbed to a killer bee's poison
             ... on level 3 of the Dungeon.
             The game lasted 00:08:49 (1525 turns).

Irenicus the Covered (Deep Dwarf Berserker)         Turns: 1525, Time: 00:08:49

Health: -2/85      AC:  7    Str: 21    XL:     6   Next: 32%
Magic:  6/6        EV: 12    Int:  7    God:    Trog [***...]
Gold:   105        SH:  0    Dex: 14    Spells: 5/5 levels left

rFire    . . .     SeeInvis .   l - +4 short sword (vamp) {!w}
rCold    . . .     Faith    .   (no shield)
rNeg     . . .     Spirit   .   j - +0 ring mail (curse)
rPois    .         Reflect  .   (no helmet)
rElec    .         Harm     .   (no cloak)
rCorr    .         Rampage  .   (no gloves)
MR       .....                  i - +0 pair of boots
Stlth    ..........             (no amulet)
HPRegen  0.00/turn              s - ring of attention (curse)
MPRegen  0.10/turn              (no ring)

@: berserking, lethally poisoned (-2 -> -33), non-regenerating, very quick
A: damage resistance, heal wounds, sense surroundings 1, no regeneration
a: Heal Wounds, Berserk, Trog's Hand, Renounce Religion


You were on level 3 of the Dungeon.
You worshipped Trog.
Trog was most pleased with you.
You visited 1 branch of the dungeon, and saw 3 of its levels.

You collected 105 gold pieces.

Inventory:

Hand Weapons
 a - a +0 hand axe
 l - a +4 vampiric short sword (weapon) {!w}
   (You took it off a kobold on level 1 of the Dungeon)
Missiles
 d - 2 javelins (quivered)
Armour
 b - a +0 animal skin
 i - a +0 pair of boots (worn)
   (You found it on level 1 of the Dungeon)
 j - a cursed +0 ring mail (worn)
   (You found it on level 1 of the Dungeon)
Jewellery
 s - a cursed ring of attention (left hand)
   (You found it on level 3 of the Dungeon)
Scrolls
 e - 5 scrolls of identify {unknown}
 g - a scroll of magic mapping {unknown}
 k - a scroll of blinking {unknown}
 n - a scroll of enchant armour {unknown}
 o - 3 scrolls of teleportation {unknown}
Potions
 c - a potion of magic {unknown}
 f - 3 potions of curing {unknown}
 h - 2 potions of haste {unknown}
 m - a potion of ambrosia {unknown}
 p - 3 potions of degeneration {unknown}
 q - a potion of berserk rage {unknown}
 r - a potion of stabbing {unknown}


   Skills:
 - Level 4.2 Fighting
 - Level 4.8 Axes
 + Level 5.1 Armour
 - Level 2.2 Dodging


You had 5 spell levels left.
You didn't know any spells.
Your spell library was empty.

Dungeon Overview and Level Annotations

Branches:
Dungeon (3/15)

Altars:
Gozag


Innate Abilities, Weirdness & Mutations

You are resistant to damage.
You can heal yourself by infusing magical energy.
You passively map a small area around you.
You do not regenerate.


Message History

The killer bee poisons you!
You take 1 damage, and have 54/75 hp.
You closely miss the killer bee. You barely miss the killer bee.
You hit the killer bee.
You feel sick.
The killer bee stings you but does no damage.
You take 2 damage, and have 52/75 hp.
You closely miss the killer bee. You slash the killer bee!
You feel the power of Trog in you as your rage grows.
You kill the killer bee!
Trog accepts your kill.
Your Armour skill increases to level 4!
Your ring mail prevents you from hitting the killer bee.
You barely miss the killer bee.
You feel very sick. The killer bee stings you.
The killer bee barely misses you. The killer bee closely misses you.
The killer bee stings you.
You are more poisoned.
The killer bee poisons you! The killer bee stings you.
You are more poisoned.
The killer bee poisons you!
You take 12 damage, and have 40/75 hp.
You hit the killer bee.
The killer bee is lightly wounded.
You barely miss the killer bee. You miss the killer bee.
You feel very sick.
The killer bee stings you but does no damage.
The killer bee barely misses you. The killer bee closely misses you.
The killer bee completely misses you.
You take 3 damage, and have 37/75 hp.
You slash the killer bee!
The killer bee is almost dead.
You miss the killer bee. You closely miss the killer bee.
You feel sick. The killer bee stings you. The killer bee closely misses you. x2
You take 5 damage, and have 32/75 hp.
You closely miss the killer bee. You slash the killer bee!
You feel the power of Trog in you as your rage grows.
You kill the killer bee!
Trog accepts your kill.
You have reached level 6!
Your experience leads to an increase in your attributes!
Increase (s)trength, (i)ntelligence, or (d)exterity?
You feel agile.
You closely miss the killer bee.
You feel very sick.
The killer bee barely misses you. x2; The killer bee misses you. x2
You regained 2 hp, and now have 34/85 hp.
MP restored: 6 You slash the killer bee!
The killer bee is heavily wounded.
You barely miss the killer bee.
You feel sick. The killer bee stings you.
The killer bee stings you but does no damage.
You take 5 damage, and have 29/85 hp.
You slash the killer bee!
You kill the killer bee!
Trog accepts your kill.
Your Armour skill increases to level 5!
You closely miss the killer bee.
You feel very sick.
The killer bee stings you but does no damage.
You take 3 damage, and have 26/85 hp.
You miss the killer bee.
* * * LOW HITPOINT WARNING * * *
You feel very sick. The killer bee closely misses you. x2
You take 3 damage, and have 23/85 hp.
You miss the killer bee.
You feel sick. The killer bee stings you.
* * * LOW HITPOINT WARNING * * *
You are lethally poisoned!
The killer bee poisons you!
You take 3 damage, and have 20/85 hp.
You miss the killer bee.
* * * LOW HITPOINT WARNING * * *
You feel sick.
The killer bee stings you but does no damage.
The killer bee stings you!
* * * LOW HITPOINT WARNING * * *
You take 7 damage, and have 13/85 hp.
You barely miss the killer bee.
* * * LOW HITPOINT WARNING * * *
You feel very sick. The killer bee stings you!
* * * LOW HITPOINT WARNING * * *
You take 8 damage, and have 5/85 hp.
Really wield
l - a +4 vampiric short sword {!w}? [Y]es or [N]o only, please.
Really wield
l - a +4 vampiric short sword {!w}? [Y]es or [N]o only, please.
Really wield
l - a +4 vampiric short sword {!w}? [Y]es or [N]o only, please.
Really wield
l - a +4 vampiric short sword {!w}?
You feel a sense of dread.
l - a +4 vampiric short sword (weapon)
{!w}
* * * LOW HITPOINT WARNING * * *
You feel sick. The killer bee stings you.
* * * LOW HITPOINT WARNING * * *
You are more poisoned.
The killer bee poisons you!
You take 4 damage, and have 1/85 hp.
You completely miss the killer bee.
You die...

.)....._# *
#.#
.#...#..#
#.# ,
........#*,
#.# *
#########
,* #.# * ,
#.# , , ,*
#.# , * #.#
* #.#######
, #†@.....#
* #.y.###.#
* #...#
..... , * *
#......
,,+,
*#..#.... *
..>......,*
#... ..##'#
, ,


You could see a killer bee.

Vanquished Creatures
  3 killer bees (D:3)
  A hound (D:2)
  Natasha (twice) (D:2)
  Terence (D:3)
  3 adders
  A gnoll (D:1)
  An ufetubus (D:3)
  2 oozes
  2 leopard geckos
  A ball python (D:1)
  A giant cockroach (D:2)
  10 goblins
  11 hobgoblins
  7 kobolds
  A quokka (D:2)
  8 bats
  3 frilled lizards
  A leopard gecko skeleton (D:3)
  4 rats
63 creatures vanquished.

Notes
Turn   | Place    | Note
-------+----------+-------------------------------------------
     0 | D:1      | Irenicus the Deep Dwarf Berserker began the quest for the
                  | Orb.
     0 | D:1      | Reached XP level 1. HP: 20/20 MP: 1/1
   154 | D:1      | Reached skill level 4 in Axes
   154 | D:1      | Reached XP level 2. HP: 21/27 MP: 2/2
   428 | D:1      | Reached XP level 3. HP: 14/33 MP: 3/3
   819 | D:2      | Reached ** piety under Trog
   827 | D:2      | Noticed Natasha
   833 | D:2      | Killed Natasha
   833 | D:2      | Reached skill level 3 in Fighting
   867 | D:2      | Reached XP level 4. HP: 40/42 MP: 4/4
  1031 | D:2      | Noticed Natasha
  1048 | D:2      | Killed Natasha
  1048 | D:2      | Reached skill level 4 in Fighting
  1067 | D:2      | Reached XP level 5. HP: 50/50 MP: 5/5
  1251 | D:3      | Noticed Terence
  1260 | D:3      | Reached skill level 3 in Armour
  1266 | D:3      | Killed Terence
  1323 | D:3      | Found an opulent altar of Gozag.
  1514 | D:3      | Reached skill level 4 in Armour
  1517 | D:3      | Reached XP level 6. HP: 37/57 MP: 6/6
  1519 | D:3      | Reached *** piety under Trog
  1519 | D:3      | Reached skill level 5 in Armour
  1521 | D:3      | HP: 21/85 [poisoned by a killer bee]
  1523 | D:3      | HP: 10/85 [poisoned by a killer bee]
  1524 | D:3      | HP: 4/85 [poisoned by a killer bee]
  1524 | D:3      | HP: 1/85 [killer bee (3)]
  1525 | D:3      | Succumbed to a killer bee's poison

Illustrated notes

Levels and vault maps discovered:
D:1:      elethiomel_arrival_fortress_basement, layout_basic
D:2:      layout_loops_ring, uniq_natasha
D:3:      layout_basic, lemuel_coloured_pillars_altar, uniq_terence

Skill      XL: |  1  2  3  4  5  6 |
---------------+-------------------+-----
Axes           | 4 |  4.8
Fighting       | 3 4 |  4.2
Armour         | 4 5 |  5.1
Dodging        | |  2.2

Action                   |  1- 3 |  4- 6 || total
-------------------------+-------+-------++-------
Melee: Hand axe          |    36 |    47 ||    83
       Short sword       |    26 |    61 ||    87
Invok: Berserk           |     1 |     2 ||     3
 Stab: Sleeping          |     2 |       ||     2
Armor: Animal skin       |     6 |       ||     6
       Ring mail         |     9 |    45 ||    54
Dodge: Dodged            |    41 |    80 ||   121

Table legend: (Time is in decaauts)
 A = Elapsed time spent in this place.
 B = Non-inter-level travel time spent in this place.
 C = Inter-level travel time spent in this place.
 D = Time resting spent in this place.
 E = Time spent auto-exploring this place.
 F = Levels seen in this place.
 G = Mean time per level.
                   A        B        C        D        E       F      G
               +--------+--------+--------+--------+--------+-----+--------+
         Total |   1557 |   1537 |     20 |      0 |      0 |   3 |  519.0 |
       Dungeon |   1557 |   1537 |     20 |      0 |      0 |   3 |  519.0 |
               +--------+--------+--------+--------+--------+-----+--------+

Top non-repeatable levels by time:
     D:1: 758 daAuts
     D:2: 487 daAuts
     D:3: 311 daAuts

Table legend:
 A = Kills in this place as a percentage of kills in entire the game.
 B = Kills by you in this place as a percentage of kills by you in the entire game.
 C = Kills by friends in this place as a percentage of kills by friends in the entire game.
 D = Other kills in this place as a percentage of other kills in the entire game.
 E = Experience gained in this place as a percentage of experience gained in the entire game.
 F = Experience gained in this place divided by the number of levels of this place that you have seen.
                   A       B       C       D       E      F
               +-------+-------+-------+-------+-------+----------------------
         Total | 100.0 | 100.0 |   N/A |   N/A | 100.0 | 165.3
       Dungeon | 100.0 | 100.0 |   N/A |   N/A | 100.0 | 165.3
               +-------+-------+-------+-------+-------+----------------------
